 Dungeon Crawl Stone Soup version 0.17-a0-1393-gcb420ff (webtiles) character file.

115 bal the Skirmisher (level 4, -9/37 HPs)
             Began as a Demonspawn Berserker on June 16, 2015.
             Was a Priest of Trog.
             Engulfed by a cloud of flame (27 damage)
             ... on level 3 of the Dungeon.
             The game lasted 00:05:42 (2238 turns).

bal the Skirmisher (Demonspawn Berserker)           Turns: 2238, Time: 00:05:43

Health: -9/37      AC:  9    Str: 18    XL:     4   Next: 68%
Magic:  4/4        EV:  8    Int:  9    God:    Trog [***...]
Gold:   90         SH:  0    Dex: 12    Spells: 0 memorised, 3 levels left

rFire  . . .     SeeInvis .     a - +0 hand axe
rCold  . . .     Clarity  .     u - +0 chain mail
rNeg   . . .     SustAt   .     (no shield)
rPois  .         Gourm    .     (helmet restricted)
rElec  .         Spirit   .     (no cloak)
rCorr  .         Warding  .     d - +0 pair of gloves
rMut   .         Stasis   .     (no boots)
MR     .....                    (no amulet)
Stlth  ..........               (no ring)
                                r - ring of stealth

@: exhausted, slowed, very slow, not resistant to hostile enchantments,
extremely unstealthy
A: antennae 2
a: Burn Spellbooks, Berserk, Trog's Hand, Renounce Religion


You were on level 3 of the Dungeon.
You worshipped Trog.
Trog was most pleased with you.
You were not hungry.

You visited 1 branch of the dungeon, and saw 3 of its levels.

You collected 90 gold pieces.

Inventory:

Hand weapons
 a - a +0 hand axe (weapon)
Missiles
 o - 8 arrows of frost
 v - 4 tomahawks (quivered)
Armour
 d - a +0 pair of gloves (worn)
 u - a +0 chain mail (worn)
Jewellery
 r - a ring of stealth (left hand)
Scrolls
 e - a scroll of recharging
 i - 3 scrolls of identify
 n - 2 scrolls of remove curse {unknown}
 q - a scroll of fog {unknown}
Potions
 b - a potion of poison {unknown}
 j - a potion of heal wounds {unknown}
 k - a potion of flight {unknown}
 s - a potion of curing {unknown}
Comestibles
 c - a meat ration
 g - 2 bread rations
 p - 9 chunks of flesh
 t - a beef jerky


   Skills:
 + Level 3.8 Fighting
 + Level 3.4 Axes
 + Level 2.1 Armour
 + Level 3.0 Dodging


You had 3 spell levels left.
You didn't know any spells.

Dungeon Overview and Level Annotations

Branches:
Dungeon (3/15)

Altars:
Cheibriados
Fedhas


Innate Abilities, Weirdness & Mutations

You have a pair of antennae on your head.


Message History

You feel aware of your surroundings.
You sensed 2 altars.
It was a scroll of magic mapping.
Your magical contamination has completely faded away.
The giant cockroach bites you but does no damage.
The giant cockroach bites you. The giant cockroach closely misses you.
The giant cockroach bites you but does no damage.
You completely miss the giant cockroach.
The giant cockroach bites you.
The giant cockroach bites you but does no damage.
You hit the giant cockroach.
The giant cockroach is heavily wounded.
The giant cockroach barely misses you. x2
You hit the giant cockroach.
The giant cockroach explodes!
The fiery explosion engulfs you! Trog accepts your kill.
You are engulfed in roaring flames.
Ouch! That really hurt!
You die...

#.** ###.#.#.# *,,,*
#.,** #.....# **,,* ##..*
###...#****,,, *#.*
*,,.....,,,,*, #.##
*,**.###**,,*, *..#
*,**,*****,,** *#.#
*,**,**,,,,,>*
#.#####.##.**,***,,*
#.§@§......,,,* *,,*
#######.§§###.≈≈≈,,**
*,,, #.......§####.≈,≈,,*
**,,,
#.............≈≈≈,**
*,,*, #......#.####..,,,*
*,*,* #......#.##
**,*,,****,*,*
####...>..##
*,**,**,,,,,*
##...)†...###.,,,,,,**,*,
#.....).......#*,**,,,,,,


There were no monsters in sight!

Vanquished Creatures
  An orc wizard (D:3)
  2 adders
  An ooze (D:3)
  A worm (D:2)
  2 giant geckos (D:1)
  4 orcs (D:3)
  3 giant cockroaches
  5 goblins
  6 hobgoblins
  3 ball pythons
  7 bats
  5 jackals
  8 kobolds
  8 rats
56 creatures vanquished.

Vanquished Creatures (others)
  A quokka (D:3)
1 creature vanquished.

Grand Total: 57 creatures vanquished

Notes
Turn   | Place    | Note
--------------------------------------------------------------
     0 | D:1      | bal the Demonspawn Berserker began the quest for the Orb.
     0 | D:1      | Reached XP level 1. HP: 18/18 MP: 1/1
   530 | D:1      | Gained mutation: You have a pair of small antennae on your head. [demonic ancestry]
   530 | D:1      | Reached XP level 2. HP: 6/24 MP: 2/2
  1413 | D:2      | Reached XP level 3. HP: 22/29 MP: 3/3
  1438 | D:2      | Acquired Trog's second power
  1470 | D:2      | Found a blossoming altar of Fedhas.
  1540 | D:2      | Found a snail-covered altar of Cheibriados.
  2155 | D:3      | Gained mutation: You have a pair of antennae on your head. [demonic ancestry]
  2155 | D:3      | Reached XP level 4. HP: 37/37 MP: 4/4
  2238 | D:3      | Engulfed by a cloud of flame

Vault maps used:
D:1:      lemuel_arrival_room, serial_corexii_hall, corexii_hall_statues_i,
          corexii_hall_statues_t, corexii_hall_statues_i,
          corexii_hall_statues_deadend, corexii_hall_statues_l,
          corexii_hall_statues_i
D:2:      fedhas_altar_2, cheibriados_altar_1
D:3:      elyvilon_altar_4, lemuel_doored_altar,
          corexii_item_surrounded_by_moat, uniq_natasha

Action                   |  1- 3 |  4- 6 || total
-------------------------+-------+-------++-------
Melee: Hand axe          |   180 |    12 ||   192
Invok: Berserk           |     2 |     1 ||     3
  Use: Scroll            |       |     6 ||     6
  Eat: Bread ration      |     1 |       ||     1
       Chunk             |     1 |     2 ||     3
